 Dungeon Crawl Stone Soup version 0.23.0-3-gf3c87f2 (webtiles) character file.

Game seed: 10208179239896207195

1097 Borgoz the Sneak (level 8, -1/63 HPs)
             Began as a Ghoul Enchanter on Feb 24, 2019.
             Slain by an elf zombie (4 damage)
             ... in an ossuary.
             The game lasted 00:14:22 (6626 turns).

Borgoz the Sneak (Ghoul Enchanter)                  Turns: 6626, Time: 00:14:22

Health: -1/63      AC:  4    Str: 10 (12) XL:     8   Next: 31%
Magic:  11/11      EV: 12    Int:  8 (10) God:
Gold:   160        SH:  0    Dex: 10 (11) Spells: 10/13 levels left

rFire    . . .     SeeInvis .   a - +2 dagger (venom)
rCold    + + .     Gourm    .   (no shield)
rNeg     + + +     Faith    .   j - +0 leather armour
rPois    ∞         Spirit   .   (no helmet)
rElec    .         Reflect  .   u - +0 cloak
rCorr    .         Harm     .   (no gloves)
MR       .....                  (no boots)
Stlth    +++.......             (no amulet)
HPRegen  0.00/turn              p - ring of protection from cold
MPRegen  0.12/turn              (no ring)

@: rotting
A: rotting body, claws 1, carnivore, cold resistance 1, negative energy
resistance 3, inhibited regeneration, torment resistance, unbreathing
a: no special abilities


You were in an ossuary.
You were not hungry.

You visited 1 branch of the dungeon, and saw 5 of its levels.
You also visited: Ossuary.

You collected 160 gold pieces.

Inventory:

Hand Weapons
 a - a +2 dagger of venom (weapon)
 g - a +2 dagger of draining
 s - a +4 quarterstaff of chaos
Missiles
 e - a throwing net (quivered)
 f - 13 poisoned needles
 i - 4 tomahawks of returning
 q - 13 tomahawks
Armour
 b - a +0 robe
 j - a +0 leather armour (worn)
 u - a +0 cloak (worn)
Jewellery
 p - a ring of protection from cold (left claw)
Scrolls
 c - 10 scrolls of remove curse
 h - a scroll of random uselessness {unknown}
 m - a scroll of enchant weapon {unknown}
 n - a scroll of amnesia {unknown}
 r - a scroll of enchant armour {unknown}
 t - 2 scrolls of fog {unknown}
 x - a scroll of immolation {unknown}
Potions
 k - a potion of flight
 o - 2 potions of brilliance
 z - a potion of lignification
Comestibles
 d - 4 rations


   Skills:
 + Level 3.2 Fighting
 + Level 4.0 Short Blades
 + Level 1.6 Armour
 + Level 3.9 Dodging
 + Level 5.7 Stealth
 + Level 3.0 Spellcasting
 + Level 3.4 Hexes
 + Level 2.4 Ice Magic


You had 10 spell levels left.
You knew the following spells:

 Your Spells              Type           Power        Failure   Level  Hunger
a - Corona                Hex            #......      11%         1    ##.....
b - Ensorcelled Hibernat  Hex/Ice        #.....       19%         2    ###....

Your spell library contained the following spells:

 Spells                   Type           Power        Failure   Level  Hunger
 Confuse                  Hex            #.......     30%         3    ####...
 Tukima's Dance           Hex            #.......     30%         3    ####...
 Dazzling Spray           Conj/Hex       #.....       54%         3    ####...


Dungeon Overview and Level Annotations

Branches:
Dungeon (5/15)             Temple (0/1) D:5

Altars:
Ashenzari
Gozag
Makhleb
Ru
Uskayaw
Vehumet
Wu Jian


Innate Abilities, Weirdness & Mutations

Your body is rotting away.
You thrive on raw meat.
You are immune to poison.
You have sharp fingernails.
You are carnivorous and can eat meat at any time.
Your flesh is cold resistant. (rC+)
You are immune to negative energy. (rN+++)
You do not regenerate when monsters are visible.
You are immune to unholy pain and torment.
You can survive without breathing.


Message History

There is a gate leading back out of this place here.
There is an empty arch of ancient stone here.
There is a gate leading back out of this place here.
You aren't carrying any items that you can evoke.
Unknown command.
It was a potion of degeneration.
There was something very wrong with that liquid.
You feel weakened.
You feel dopey.
You feel clumsy.
Your magical contamination has completely faded away.
There is an open door here.
Casting: Corona (safe; 11% risk of failure)
Confirm with . or Enter, or press ? or * to list all spells.
Aiming: Corona (safe; 11% risk of failure)
Press: ? - help, Shift-Dir - straight line, f/p - elf zombie
Aim: an elf zombie (heavily damaged, chance to defeat MR: 50%)
The elf zombie is outlined in light.
You barely miss the elf zombie.
The elf zombie is heavily damaged.
The elf zombie hits you.
You die...

#.......# ##.....##
###.### #'# #### ###.###
##### #..Z# ##.....##
##...## ..... #.......#
#.....#
.....###...∩...###.....##
......'...∩∩∩..Z@.......#
.....###...∩...###.....##
..... #.......# #.....#
#..Z# ##.....## ##...##
#### ###.### ##### #+#


You could see an elf zombie.

Vanquished Creatures
  Duvessa (D:4)
  A centaur (D:5)
  An elf zombie (Ossuary)
  A big kobold (D:3)
  A gnoll sergeant (D:3)
  Dowan (D:4)
  2 scorpions (D:4)
  A howler monkey (D:5)
  A crimson imp (D:3)
  2 centaur zombies (Ossuary)
  2 hounds
  Crazy Yiuf (D:4)
  2 human zombies (Ossuary)
  An orc wizard (D:3)
  A worker ant (D:4)
  2 mummies (Ossuary)
  A worker ant zombie (D:5)
  3 gnolls (D:3)
  6 adders
  5 worms
  3 dart slugs
  4 leopard geckos
  15 orcs
  4 giant cockroaches
  9 hobgoblins
  4 jackals (D:3)
  7 kobolds
  A quokka (D:3)
  2 ball pythons (D:3)
  7 bats
  8 goblins
  6 rats
106 creatures vanquished.

Notes
Turn   | Place    | Note
-------+----------+-------------------------------------------
     0 | D:1      | Borgoz the Ghoul Enchanter began the quest for the Orb.
     0 | D:1      | Reached XP level 1. HP: 14/14 MP: 2/2
   290 | D:1      | Reached XP level 2. HP: 19/19 MP: 3/3
   694 | D:1      | Reached skill level 1 in Short Blades
   749 | D:1      | Learned a level 2 spell: Ensorcelled Hibernation
  1318 | D:2      | Found an opulent altar of Gozag.
  1441 | D:2      | Reached XP level 3. HP: 23/26 MP: 4/4
  1954 | D:2      | Found a radiant altar of Vehumet.
  2070 | D:2      | Reached XP level 4. HP: 28/34 MP: 6/6
  2322 | D:3      | Noticed a big kobold
  2333 | D:3      | Reached skill level 4 in Stealth
  2343 | D:3      | Killed a big kobold
  2343 | D:3      | Reached skill level 1 in Fighting
  2343 | D:3      | Reached skill level 1 in Ice Magic
  2343 | D:3      | Reached XP level 5. HP: 17/40 MP: 1/7
  2691 | D:3      | Found a hide-covered altar of Uskayaw.
  2835 | D:3      | Found a shattered altar of Ashenzari.
  2981 | D:3      | Reached XP level 6. HP: 47/47 MP: 8/8
  4051 | D:3      | Reached skill level 5 in Stealth
  4070 | D:3      | Reached XP level 7. HP: 21/55 MP: 1/9
  4329 | D:4      | Found a burning altar of Makhleb.
  4331 | D:4      | Found an ornate altar of the Wu Jian Council.
  4381 | D:4      | Noticed Duvessa
  4381 | D:4      | Noticed Dowan
  4408 | D:4      | Killed Duvessa
  4614 | D:4      | Killed Dowan
  4768 | D:4      | Found a sacrificial altar of Ru.
  4898 | D:4      | Found a runed translucent door.
  4899 | D:4      | Noticed Crazy Yiuf
  5383 | D:4      | Killed Crazy Yiuf
  5422 | D:5      | Entered Level 5 of the Dungeon
  5691 | D:5      | Reached XP level 8. HP: 34/63 MP: 7/11
  5751 | D:5      | Found a sand-covered staircase.
  5760 | Ossuary  | Entered an ossuary
  5940 | Ossuary  | Reached skill level 1 in Armour
  6613 | Ossuary  | HP: 3/63 [elf zombie (4)]
  6626 | Ossuary  | Slain by an elf zombie

Skill      XL: |  1  2  3  4  5  6  7  8 |
---------------+-------------------------+-----
Short Blades   | 1 2 3 4 |  4.0
Dodging        | 2 3 |  3.9
Spellcasting   | 2 3 |  3.0
Stealth        | 4 5 |  5.7
Fighting       | 1 2 3 |  3.2
Hexes          | 3 |  3.4
Ice Magic      | 1 2 |  2.4
Armour         | 1 |  1.6

Action                   |  1- 3 |  4- 6 |  7- 9 || total
-------------------------+-------+-------+-------++-------
Melee: Dagger            |   120 |   141 |   226 ||   487
 Cast: Ensorcelled Hiber |     7 |     5 |     9 ||    21
       Corona            |     2 |       |     9 ||    11
  Use: Scroll            |       |     7 |     3 ||    10
       Potion            |       |     3 |     7 ||    10
 Stab: Sleeping          |     8 |     9 |     5 ||    22
  Eat: Chunk             |    15 |     8 |    18 ||    41
Armor: Robe              |    25 |     9 |     2 ||    36
       Leather armour    |       |       |    14 ||    14
Dodge: Dodged            |    67 |    85 |    89 ||   241
